 Dungeon Crawl Stone Soup version 0.25.1-8-g42b30a86e7 (webtiles) character file.

Game seed: 13451690572477702065

3425 JohnSpartan the Magician (level 10, -21/48 HPs)
             Began as a Gargoyle Fire Elementalist on Dec 21, 2020.
             Was a Priest of Hepliaklqana.
             Demolished by an ogre
             ... wielding a +0 giant spiked club
              (23 damage)
             ... on level 8 of the Dungeon.
             The game lasted 01:36:14 (10947 turns).

JohnSpartan the Magician (GrFE)                    Turns: 10947, Time: 01:36:16

Health: -21/48     AC: 16    Str: 11    XL:     10   Next: 5%
Magic:  20/20      EV: 14    Int: 19    God:    Hepliaklqana [***...]
Gold:   268        SH:  0    Dex: 11    Spells: 7/22 levels left

rFire    + . .     SeeInvis .   K - staff of conjuration
rCold    + + .     Gourm    .   (no shield)
rNeg     + . .     Faith    .   G - +2 robe {rC+}
rPois    ∞         Spirit   .   Z - +1 hat
rElec    +         Reflect  .   R - +0 cloak
rCorr    +         Harm     .   N - +0 pair of gloves
MR       .....     Clarity  +   (no boots)
Stlth    ++++......             (no amulet)
HPRegen  0.16/turn              w - ring of stealth
MPRegen  0.17/turn              p - ring of flight

@: resistant, stab, very slightly contaminated
A: reduced essence, icy blue scales 1, clarity, mutation resistance 1, negative
energy resistance 1, electricity resistance, unbreathing, petrification
resistance, rot immunity, AC +7
a: Recall Ancestor, Ancestor Identity, Transference, Renounce Religion, Evoke
Flight


You were on level 8 of the Dungeon.
You worshipped Hepliaklqana.
Hepliaklqana was most pleased with you.
You were not hungry.

You visited 1 branch of the dungeon, and saw 8 of its levels.

You collected 385 gold pieces.
You spent 117 gold pieces at shops.

Inventory:

Hand Weapons
 d - a +0 short sword
 f - a +0 dagger
 j - the cursed +3 rapier of the Wraith {drain, Fragile rPois rN+, unknown}
   (You found it on level 6 of the Dungeon)

   A truly terrible weapon, it drains the life of those it strikes.
   It protects you from poison.
   It protects you from negative energy.
   It will be destroyed if unequipped.
   It has a curse placed upon it.
 l - a +0 club
 o - a +0 club
 v - a cursed -3 rapier
 y - a +0 vorpal shortbow
 U - a +6 vorpal flail
Missiles
 h - 95 arrows
 I - 4 curare-tipped darts (quivered)
Armour
 a - a +0 robe
 z - a +0 leather armour of cold resistance
 C - a +0 robe
 D - a +0 robe
 E - a +0 chain mail
 F - a +0 robe
 G - a +2 robe of cold resistance (worn)
 N - a +0 pair of gloves (worn)
 R - a +0 cloak (worn)
 S - a +0 pair of gloves
 V - a +0 leather armour
 W - a cursed +0 robe
 Z - a +1 hat (worn)
Magical Staves
 K - an uncursed staff of conjuration (weapon)
 P - an uncursed staff of fire {unknown}
Jewellery
 p - a ring of flight (right hand)
 w - a ring of stealth (left hand)
 L - a cursed amulet of inaccuracy
Wands
 k - a wand of random effects (13)
 m - a wand of polymorph (4)
Scrolls
 i - a scroll of immolation
 n - 2 scrolls of amnesia
 q - a scroll of enchant armour {unknown}
 x - 4 scrolls of remove curse
 B - a scroll of magic mapping
 J - a scroll of enchant weapon
 Q - a scroll of identify
Potions
 b - 2 potions of flight
 e - a potion of brilliance {unknown}
 g - 3 potions of curing
 O - a potion of stabbing
 T - a potion of ambrosia {unknown}
 Y - a potion of magic
Comestibles
 c - 9 rations


   Skills:
 + Level 2.6 Fighting
 - Level 1.1 Short Blades
 + Level 1.9 Staves
 + Level 4.8 Dodging
 + Level 5.9 Stealth
 - Level 1.1 Unarmed Combat
 + Level 6.9 Spellcasting
 + Level 5.3 Conjurations
 + Level 2.0 Transmutations
 + Level 6.3 Fire Magic
 + Level 0.1 Ice Magic
 + Level 2.6 Poison Magic


You had 7 spell levels left.
You knew the following spells:

 Your Spells              Type           Power        Failure   Level  Hunger
a - Foxfire               Conj/Fire      ####         1%          1    None
b - Conjure Flame         Conj/Fire      #####...     2%          3    #......
c - Spider Form           Tmut/Pois      ###.......   12%         3    #......
d - Ice Form              Ice/Tmut       ##......     54%         4    ###....
e - Sticky Flame          Conj/Fire      #####...     10%         4    ###....

Your spell library contained the following spells:

 Spells                   Type           Power        Failure   Level  Hunger
 Beastly Appendage        Tmut           ##....       4%          1    None
 Sticks to Snakes         Tmut           ##......     7%          2    None
 Inner Flame              Hex/Fire       ###.....     9%          3    #......
 Fireball                 Conj/Fire      #####.....   26%         5    #####..
 Blade Hands              Tmut           ##........   77%         5    #####..


Dungeon Overview and Level Annotations

Branches:
Dungeon (8/15)             Temple (0/1) D:5
   Lair: D:8-11

Altars:
Dithmenos
Elyvilon
Hepliaklqana
Makhleb
Okawaru
Ru
Trog
Uskayaw
The Shining One

Shops:
D:4 [   D:8 =


Innate Abilities, Weirdness & Mutations

You are resistant to torment.
Your stone body is resilient. (AC +7)
You are immune to poison.
You resist negative energy. (rN+)
You are resistant to electric shocks. (rElec)
You can survive without breathing.
You are immune to petrification.
You are immune to rotting.
Your life essence is reduced to manifest your ancestor. (-10% HP)
You are partially covered in icy blue scales. (AC +2)
You possess an exceptional clarity of mind.
You are somewhat resistant to further mutation.


Message History

The orc priest hits you but does no damage.
The orc wizard barely misses you.
Casting: Ice Form (extremely dangerous; 54% risk of failure)
Confirm with . or Enter, or press ? or * to list all spells.
Okay, then.
It was a potion of mutation.
You feel extremely strange.
You feel genetically stable. A pair of antennae grows on your head!
The orc warrior hits you with a +2 broad axe of electrocution.
* * * LOW HITPOINT WARNING * * *
The goblin hits you but does no damage. x2
The orc wizard hits you but does no damage.
The orc completely misses you. The orc priest misses you.
Really quaff the potion of mutation?
You feel extremely strange. The antennae on your head shrink away.
Icy blue scales grow over part of your body.
Your thoughts seem clearer.
The goblin hits you but does no damage.
The ogre hits you with a +0 giant spiked club!!
You die... #### #o@### #Ooog#

#.goo....#
#......##..
#......#
#......#
#.......#
#....g....
#.....#...


You could see an orc warrior (inner flame), an ogre (inner flame), an orc priest
(inner flame), an orc wizard (inner flame), 2 orcs and 3 goblins.

Vanquished Creatures
  The ghost of ciphuk the Insei, an amateur OpBe of Trog (D:4)
  Prince Ribbit (D:6)
  A hippogriff (D:8)
  A steam dragon (D:7)
  Edmund (D:5)
  Duvessa (D:5)
  A water moccasin (D:7)
  An ice beast (D:7)
  A phantom (D:8)
  An ogre (D:6)
  4 bullfrogs
  A wyvern zombie (D:6)
  A scorpion (D:5)
  3 wights (D:6)
  A crimson imp (D:5)
  A centaur zombie (D:6)
  A bullfrog zombie (D:6)
  4 hounds
  An orc wizard (D:5)
  An iguana (D:5)
  4 worker ants
  2 hound skeletons
  3 gnolls (D:2)
  5 adders
  3 worms (D:2)
  3 dart slugs
  5 leopard geckos
  8 orcs
  6 giant cockroaches
  6 goblins
  5 hobgoblins
  10 jackals
  A quokka (D:5)
  2 ball pythons (D:1)
  5 bats
  4 frilled lizards
  6 kobolds
  A quokka skeleton (D:4)
  3 rats
110 creatures vanquished.

Vanquished Creatures (collateral kills)
  A wraith (D:7)
  An ice beast (D:6)
  An ogre (D:5)
  2 centaurs (D:7)
  A bullfrog (D:6)
  Dowan (D:5)
  A crimson imp (D:6)
  A bullfrog zombie (D:8)
  A gnoll shaman (D:7)
  A bullfrog skeleton (D:5)
  3 hounds
  3 orc wizards
  3 worker ants
  5 gnolls (D:7)
  6 adders
  2 adder skeletons
  An adder zombie (D:4)
  A leopard gecko (D:8)
  10 orcs
  3 giant cockroaches
  A goblin (D:5)
  2 hobgoblins (D:3)
  8 jackals
  A kobold (D:3)
  2 quokkas
  2 frilled lizards (D:3)
64 creatures vanquished.

Vanquished Creatures (others)
  A knight (D:7)
  5 ancestors
  324 foxfires
330 creatures vanquished.

Grand Total: 504 creatures vanquished

Notes
Turn   | Place    | Note
-------+----------+-------------------------------------------
     0 | D:1      | JohnSpartan the Gargoyle Fire Elementalist began the quest
                  | for the Orb.
     0 | D:1      | Reached XP level 1. HP: 10/10 MP: 3/3
   431 | D:1      | Reached XP level 2. HP: 15/15 MP: 3/5
  1402 | D:2      | Reached XP level 3. HP: 13/19 MP: 6/6
  1660 | D:2      | Found a hazy altar of Hepliaklqana.
  1677 | D:2      | Became a worshipper of Hepliaklqana the Forgotten
  1806 | D:2      | Learned a level 3 spell: Conjure Flame
  2296 | D:2      | Reached XP level 4. HP: 21/21 MP: 4/7
  2329 | D:2      | Reached skill level 1 in Short Blades
  2864 | D:3      | Reached * piety under Hepliaklqana
  3257 | D:3      | Learned a level 3 spell: Spider Form
  3368 | D:3      | Reached XP level 5. HP: 19/25 MP: 2/8
  3865 | D:4      | Found a runed translucent door.
  3984 | D:4      | Found Nuitust's Antique Armour Boutique.
  3991 | D:4      | Found a glowing golden altar of the Shining One.
  4076 | D:4      | Reached XP level 6. HP: 23/29 MP: 3/10
  4149 | D:4      | Reached skill level 1 in Fighting
  4149 | D:4      | Reached skill level 1 in Staves
  4530 | D:4      | Bought a cloak for 117 gold pieces
  4649 | D:4      | Noticed ciphuk's ghost (amateur OpBe)
  4666 | D:4      | Killed ciphuk's ghost
  4666 | D:4      | Reached skill level 1 in Unarmed Combat
  4666 | D:4      | Reached XP level 7. HP: 19/34 MP: 7/12
  4951 | D:4      | Found a white marble altar of Elyvilon.
  4990 | D:5      | Entered Level 5 of the Dungeon
  5008 | D:5      | Found a staircase to the Ecumenical Temple.
  5009 | D:5      | Noticed Edmund
  5027 | D:5      | Killed Edmund
  5027 | D:5      | Reached skill level 1 in Transmutations
  5027 | D:5      | Reached skill level 1 in Poison Magic
  5210 | D:5      | Found a sacrificial altar of Ru.
  5272 | D:5      | Reached ** piety under Hepliaklqana
  5284 | D:5      | Reached XP level 8. HP: 39/39 MP: 10/14
  6388 | D:5      | Noticed Duvessa
  6388 | D:5      | Noticed Dowan
  6399 | D:5      | Killed Dowan
  6789 | D:5      | Found a bloodstained altar of Trog.
  6789 | D:5      | Found a burning altar of Makhleb.
  6846 | D:5      | Killed Duvessa
  7287 | D:6      | Found an iron altar of Okawaru.
  7389 | D:6      | Reached skill level 5 in Spellcasting
  7518 | D:6      | Noticed Prince Ribbit
  7539 | D:6      | Killed Prince Ribbit
  7539 | D:6      | Reached skill level 5 in Stealth
  7539 | D:6      | Reached skill level 5 in Fire Magic
  7824 | D:6      | Reached XP level 9. HP: 43/43 MP: 10/17
  8025 | D:6      | Got an iridescent rapier
  8541 | D:7      | Learned a level 4 spell: Ice Form
  8546 | D:7      | Learned a level 4 spell: Sticky Flame
  8712 | D:7      | Remembered your ancestor Agathoclea as a knight
  8774 | D:7      | Reached *** piety under Hepliaklqana
 10057 | D:7      | Found a hide-covered altar of Uskayaw.
 10355 | D:8      | Found Byneemm's Jewellery Shop.
 10491 | D:8      | Reached skill level 5 in Conjurations
 10533 | D:8      | Noticed a seven-headed hydra
 10718 | D:8      | Reached XP level 10. HP: 46/48 MP: 11/20
 10807 | D:8      | Found a shadowy altar of Dithmenos.
 10919 | D:8      | Noticed a centaur warrior
 10946 | D:8      | Gained mutation: You are somewhat resistant to further
                  | mutation. [potion of mutation]
 10946 | D:8      | Gained mutation: You have a pair of small antennae on your
                  | head. [potion of mutation]
 10946 | D:8      | HP: 2/48 [orc warrior/+2 broad axe of electrocution (6)]
 10947 | D:8      | Lost mutation: You have a pair of small antennae on your
                  | head. [potion of mutation]
 10947 | D:8      | Gained mutation: You are partially covered in icy blue
                  | scales. (AC +2) [potion of mutation]
 10947 | D:8      | Gained mutation: You possess an exceptional clarity of
                  | mind. [potion of mutation]
 10947 | D:8      | Demolished by an ogre

Illustrated notes

Levels and vault maps discovered:
D:1:      psy_arrival_basics, layout_basic
D:2:      minmay_wonky_spiral, layout_loops_corners, lemuel_crystal_altar,
          first_ration
D:3:      layout_loops_corners
D:4:      layout_cave_pools, marbit_many_paths, tso_metal_star, serial_shops,
          shop, ebering_ghost_reflecting_pool
D:5:      layout_loops_ring, nicolae_ru_great_annihilating_truth,
          chequers_temple_overflow_statue_of_worship, temple_statues,
          chequers_serial_rivers_micro_c, nicolae_zen_rock_garden,
          kennysheep_cross_bottleneck, uniq_duvessa, uniq_edmund
D:6:      layout_basic, st_stairs_4, grunt_decor_resistance, okawaru_trees_1,
          uniq_prince_ribbit1
D:7:      cheibrodos_steamvent, layout_basic, lemuel_coloured_pillars_altar,
          lemuel_blue_sif_altar
D:8:      hangedman_cross_veins, layout_cave_pools, grunt_dithmenos_shadows,
          lightli_bailey_entry_fortress, serial_shops, shop, blue_anna_alchemist
          [blue_anna_fruit_fields, blue_anna_fruit_fields], uniq_maggie

Skill      XL: |  1  2  3  4  5  6  7  8  9 |
---------------+----------------------------+-----
Dodging        | 2 3 4 |  4.8
Short Blades   | 1 |  1.1
Conjurations   | 2 3 4 5 |  5.3
Fire Magic     | 4 5 6 |  6.3
Stealth        | 3 4 5 |  5.9
Spellcasting   | 3 4 5 6 |  6.9
Fighting       | 1 2 |  2.6
Staves         | 1 |  1.9
Unarmed Combat | 1 |  1.1
Transmutations | 1 2 |  2.0
Poison Magic   | 1 2 |  2.6
Ice Magic      | |  0.1

Action                   |  1- 3 |  4- 6 |  7- 9 | 10-12 || total
-------------------------+-------+-------+-------+-------++-------
Melee: Short sword       |    45 |    10 |       |       ||    55
       Staff             |       |    18 |    27 |       ||    45
       Unarmed           |       |    22 |    68 |     3 ||    93
       Punch             |       |       |     1 |       ||     1
Throw: Stone             |     1 |       |       |       ||     1
 Cast: Foxfire           |    51 |    46 |   104 |     6 ||   207
       Conjure Flame     |     1 |     2 |    14 |     1 ||    18
       Spider Form       |       |     4 |    11 |     1 ||    16
       Sticky Flame      |       |       |     4 |       ||     4
       Ice Form          |       |       |     2 |       ||     2
Invok: Ancestor Life: Kn |       |       |     1 |       ||     1
  Use: Scroll            |     3 |     3 |     7 |     5 ||    18
       Potion            |     1 |       |     2 |     7 ||    10
 Stab: Sleeping          |       |     1 |     3 |       ||     4
       Paralysed         |       |       |     2 |       ||     2
       Distracted        |       |       |     1 |       ||     1
  Eat: Chunk             |     5 |     9 |     7 |     1 ||    22
       Ration            |       |       |     4 |       ||     4
Armor: Robe              |    26 |    37 |    34 |     9 ||   106
       Skin              |       |     3 |    11 |     2 ||    16
Dodge: Dodged            |    63 |    57 |   101 |    20 ||   241
